 Dungeon Crawl Stone Soup version 0.21.1-1-g345015f (webtiles) character file.

62 gyp21 the Magician (level 3, -3/26 HPs)
             Began as a Mummy Fire Elementalist on Feb 6, 2018.
             Slain by a hound (4 damage)
             ... on level 2 of the Dungeon.
             The game lasted 00:06:22 (2017 turns).

gyp21 the Magician (Mummy Fire Elementalist)        Turns: 2017, Time: 00:06:23

Health: -3/26      AC:  2    Str: 11    XL:     3   Next: 85%
Magic:  1/7        EV: 12    Int: 15    God:
Gold:   79         SH:  0    Dex: 12    Spells: 7/8 levels left

rFire    x . .     SeeInvis .   (no weapon)
rCold    + . .     Gourm    .   (no shield)
rNeg     + + +     Faith    .   a - +0 robe
rPois    ∞         Spirit   .   (no helmet)
rElec    .         Reflect  .   (no cloak)
rCorr    .         Harm     .   (no gloves)
MR       .....                  (no boots)
Stlth    ++........             (no amulet)
HPRegen  0.08/turn              (no ring)
MPRegen  0.10/turn              (no ring)

@: very slightly contaminated
A: no food or potions, fire vulnerability, cold resistance 1, negative energy
resistance 3, torment resistance, unbreathing
a: no special abilities


You were on level 2 of the Dungeon.
You were not hungry.

You visited 1 branch of the dungeon, and saw 2 of its levels.

You collected 79 gold pieces.

Inventory:

Armour
 a - a +0 robe (worn)
Scrolls
 d - a scroll of identify
 e - 2 scrolls of magic mapping
Books
 b - a book of Flames

   Spells                             Type                      Level
   a - Flame Tongue                   Conjuration/Fire             1
   b - Throw Flame                    Conjuration/Fire             2
   c - Conjure Flame                  Conjuration/Fire             3
   d - Inner Flame                    Hexes/Fire                   3
   e - Sticky Flame                   Conjuration/Fire             4
   f - Fireball                       Conjuration/Fire             5


   Skills:
 + Level 1.3 Fighting
 + Level 2.0 Dodging
 - Level 1.5 Stealth
 + Level 3.2 Spellcasting
 + Level 1.4 Conjurations
 + Level 2.8 Fire Magic


You had 7 spell levels left.
You knew the following spells:

 Your Spells              Type           Power        Failure   Level  Hunger
a - Flame Tongue          Conj/Fire      #....        9%          1    N/A

Dungeon Overview and Level Annotations

Branches:
Dungeon (2/15)

Altars:


Innate Abilities, Weirdness & Mutations

You do not eat or drink.
Your flesh is vulnerable to fire.
You are immune to poison.
Your flesh is cold resistant. (rC+)
You are immune to negative energy. (rN+++)
You are immune to unholy pain and torment.
You can survive without breathing.


Message History

The hound misses you.
As you read the scroll labeled VUNUYB UVUIWN, it crumbles to dust.
It is a scroll of enchant weapon.
You aren't carrying any weapons that can be enchanted.
The hound bites you but does no damage. The hound misses you.
As you read the scroll labeled ZAOTAOJANY, it crumbles to dust.
You hear a loud clanging noise!
It was a scroll of noise.
You hear an angry hiss. x2; You hear a shout! x2; You hear an angry hiss. x2
The hound bites you but does no damage.
As you read the scroll labeled EXZEXES MAARGH, it crumbles to dust.
You feel blessed for a moment.
It was a scroll of remove curse.
The hound bites you.
* * * LOW HITPOINT WARNING * * *
The hound closely misses you.
As you read the scroll labeled ICIUDU WENI, it crumbles to dust.
It is a scroll of identify.
e - 2 scrolls of magic mapping The hound bites you.
You die...

.##### #.#.... ......
#...... ...... ###...#.#
......## #.......# h......#
####.##....#
.......#######..........#
...............##.##...)#
..(.....########h.##...<#
######...#######@###...†###
##......##..###.#.......
##.....................
#######................
#...........#.##.#
#..<..........# .
#...........##.
#...........# .
#.............


You could see a hound.

Vanquished Creatures
  2 adders (D:2)
  A worm (D:2)
  4 dart slugs (D:1)
  A leopard gecko (D:1)
  A giant cockroach (D:2)
  2 goblins
  7 hobgoblins
  3 kobolds (D:1)
  A quokka (D:2)
  6 bats
  2 frilled lizards (D:1)
  4 rats (D:1)
34 creatures vanquished.

Notes
Turn   | Place    | Note
-------+----------+-------------------------------------------
     0 | D:1      | gyp21 the Mummy Fire Elementalist began the quest for the Orb.
     0 | D:1      | Reached XP level 1. HP: 13/13 MP: 4/4
   449 | D:1      | Reached skill level 1 in Conjurations
   452 | D:1      | Reached XP level 2. HP: 20/20 MP: 2/5
   645 | D:1      | Reached skill level 3 in Spellcasting
  1325 | D:1      | Reached skill level 1 in Fighting
  1410 | D:1      | Reached XP level 3. HP: 26/26 MP: 5/7
  2016 | D:2      | HP: 1/26 [hound (3)]
  2017 | D:2      | Slain by a hound

Skill      XL: |  1  2  3 |
---------------+----------+-----
Conjurations   | 1 |  1.4
Spellcasting   | 3 |  3.2
Fighting       | 1 |  1.3
Dodging        | 2 |  2.0
Stealth        | |  1.5
Fire Magic     | |  2.8

Action                   || total
-------------------------++-------
Melee: Unarmed           ||     7
 Cast: Flame Tongue      ||    72
  Use: Scroll            ||     4
Armor: Robe              ||    14
Dodge: Dodged            ||    46
